 Dungeon Crawl Stone Soup version 0.25-a0-513-ge77a69270c (webtiles) character file.

Game seed: 2143211384681864614, levelgen mode: deterministic

81 Error4North the Covered (level 4, 0/40 HPs)
             Began as a Hill Orc Fighter on Feb 17, 2020.
             Killed by divine providence
             ... invoked by an orc priest
              (13 damage)
             ... on level 3 of the Dungeon.
             The game lasted 00:06:01 (1910 turns).

Error4North the Covered (Hill Orc Fighter)          Turns: 1910, Time: 00:06:01

Health: 0/40       AC: 10    Str: 19    XL:     4   Next: 42%
Magic:  4/4        EV:  5    Int:  8    God:
Gold:   131        SH:  9    Dex: 10    Spells: 3/3 levels left

rFire    . . .     SeeInvis .   r - +0 broad axe
rCold    . . .     Gourm    .   c - +0 kite shield
rNeg     . . .     Faith    .   p - +0 chain mail
rPois    .         Spirit   .   (no helmet)
rElec    .         Reflect  .   (no cloak)
rCorr    .         Harm     .   (no gloves)
MR       .....                  (no boots)
Stlth    ..........             (no amulet)
HPRegen  0.13/turn              k - +1 ring of protection
MPRegen  0.09/turn              (no ring)

@: no status effects
A: no striking features
a: Convert to Beogh


You were on level 3 of the Dungeon.
You were not hungry.

You visited 1 branch of the dungeon, and saw 3 of its levels.

You collected 131 gold pieces.

Inventory:

Hand Weapons
 r - a +0 broad axe (weapon)
Missiles
 b - 4 silver javelins (quivered)
Armour
 c - a +0 kite shield (worn)
 p - a +0 chain mail (worn)
Jewellery
 k - a +1 ring of protection (left hand)
 l - an uncursed amulet of guardian spirit {unknown}
Scrolls
 e - a scroll of magic mapping {unknown}
 g - a scroll of fear {unknown}
 h - 6 scrolls of identify {unknown}
 i - a scroll of remove curse {unknown}
Potions
 d - a potion of might
 j - a potion of heal wounds {unknown}
 m - a potion of degeneration {unknown}
 n - a potion of invisibility {unknown}
 o - 4 potions of curing {unknown}
 q - 2 potions of mutation {unknown}
Comestibles
 f - 2 rations


   Skills:
 * Level 4.0 Fighting
 + Level 3.3 Axes
 * Level 4.4 Armour
 * Level 0.4 Dodging
 + Level 0.1 Stealth
 * Level 3.9 Shields


You had 3 spell levels left.
You didn't know any spells.
Your spell library was empty.

Dungeon Overview and Level Annotations

Branches:
Dungeon (3/15)

Altars:


Message History

You closely miss the orc priest. You closely miss the orc.
You block the orc's attack.
The orc priest calls down the wrath of Beogh upon you.
Pain shoots through your body!
You closely miss the orc priest.
The orc priest shouts, "Beogh is our master!
Accept the truth or die!"
Your chain mail prevents you from hitting the orc.
The orc hits you but does no damage.
The orc priest hits you but does no damage.
The orc hits you with a +0 flail.
The orc priest mumbles some strange prayers to Beogh against you.
Beogh smites you!
* * * LOW HITPOINT WARNING * * *
You closely miss the orc priest. You completely miss the orc.
The orc priest looks encouraged for a moment.
You block the orc's attack.
There is a stone staircase leading up here.
The orc priest invokes the aid of Beogh against you.
Beogh smites you!
You die...

.#.......#'##
#......##.#
#......##)#
#.........#
#.#.#.##..#
#.....#so.#
..#)..#o###
#.#...#o..#
.......@###
.##...###
...... .....
...## ..# ..


You could see an orc priest, 2 orcs and a giant cockroach.

Vanquished Creatures
  4 adders (D:2)
  An ooze (D:1)
  2 worms (D:2)
  A dart slug (D:2)
  2 orcs (D:3)
  3 bats
  A giant cockroach (D:2)
  4 goblins
  3 hobgoblins
  4 kobolds
  3 ball pythons (D:2)
  4 frilled lizards
  3 rats (D:2)
35 creatures vanquished.

Notes
Turn   | Place    | Note
-------+----------+-------------------------------------------
     0 | D:1      | Error4North the Hill Orc Fighter began the quest for the
                  | Orb.
     0 | D:1      | Reached XP level 1. HP: 19/19 MP: 1/1
   264 | D:1      | Reached XP level 2. HP: 27/27 MP: 2/2
   963 | D:2      | Reached XP level 3. HP: 19/33 MP: 3/3
  1591 | D:2      | Reached XP level 4. HP: 40/40 MP: 4/4
  1910 | D:3      | Killed from afar by an orc priest

Levels and vault maps discovered:
D:1:      nicolae_arrival_memento_mori, layout_basic, grunt_decor_clamped
D:2:      layout_loops_corners, serial_glass, glass_columns_b, glass_columns_a,
          first_ration
D:3:      layout_basic, uniq_crazy_yiuf_cottage, uniq_grinder, uniq_natasha

Skill      XL: |  1  2  3  4 |
---------------+-------------+-----
Armour         | 4 |  4.4
Axes           | 3 |  3.3
Fighting       | 4 |  4.0
Dodging        | |  0.4
Stealth        | |  0.1
Shields        | |  3.9

Action                   |  1- 3 |  4- 6 || total
-------------------------+-------+-------++-------
Melee: War axe           |    86 |    12 ||    98
       Broad axe         |       |    12 ||    12
  Eat: Chunk             |     2 |     1 ||     3
Armor: Scale mail        |     4 |       ||     4
       Chain mail        |    38 |    23 ||    61
Dodge: Dodged            |    18 |     8 ||    26
Block: Kite shield       |    39 |    22 ||    61

Table legend:
 A = Non-vault XP
 B = Vault XP
 C = Vault XP percentage of total XP
 D = Non-vault monster count
 E = Vault monster count
 F = Vault count percentage of total count
                 A         B        C        D         E       F
            +---------+---------+-------+---------+---------+-------
      Total |     117 |       0 |   0.0 |      35 |       0 |   0.0
            +---------+---------+-------+---------+---------+-------
        D:1 |      14 |       0 |   0.0 |       5 |       0 |   0.0
        D:2 |      93 |       0 |   0.0 |      26 |       0 |   0.0
        D:3 |      10 |       0 |   0.0 |       4 |       0 |   0.0
            +---------+---------+-------+---------+---------+-------
